 Dungeon Crawl Stone Soup version 0.27-a0-1548-gf8a67e7463 (webtiles) character file.

Game seed: 2749893264738056692

1942 Kinoniko the Cleaver (level 8, -1/64 HPs)
             Began as a Minotaur Fighter on July 14, 2021.
             Slain by an orc priest (3 damage)
             ... on level 6 of the Dungeon.
             The game lasted 00:04:43 (6073 turns).

Kinoniko the Cleaver (Minotaur Fighter)             Turns: 6073, Time: 00:04:44

Health: -1/64      AC:  9    Str: 22    XL:     8   Next: 98%
Magic:  7/7        EV:  9    Int:  7    God:
Gold:   342        SH: 12    Dex: 11    Spells: 7/7 levels left

rFire    . . .     SeeInvis .   a - +0 war axe
rCold    . . .     Faith    .   c - +1 kite shield
rNeg     . . .     Spirit   .   b - +0 scale mail
rPois    .         Reflect  .   (helmet restricted)
rElec    .         Harm     .   t - +0 cloak
rCorr    .         Rampage  .   s - +0 pair of gloves
Will     .....                  (no boots)
Stlth    ..........             (no amulet)
HPRegen  0.20/turn              (no ring)
MPRegen  0.10/turn              (no ring)

@: no status effects
A: horns 2, retaliatory headbutt, clever 1, deterioration 1
a: no special abilities


You were on level 6 of the Dungeon.
You visited 1 branch of the dungeon, and saw 6 of its levels.

You collected 342 gold pieces.

Inventory:

Hand Weapons
 a - a +0 war axe (weapon)
Missiles
 g - a throwing net (quivered)
Armour
 b - a +0 scale mail (worn)
 c - a +1 kite shield (worn)
 s - a +0 pair of gloves (worn)
 t - a +0 cloak (worn)
Jewellery
 o - a ring of fire
Wands
 h - a wand of acid (6)
Scrolls
 d - a scroll of silence
 e - 3 scrolls of teleportation
 f - a scroll of magic mapping
 i - a scroll of blinking
 l - 5 scrolls of noise
Potions
 k - 4 potions of magic
 p - a potion of lignification {unknown}
 q - 2 potions of attraction
 r - a potion of resistance {unknown}


   Skills:
 - Level 3.6 Fighting
 * Level 11.4 Axes
 - Level 3.6 Armour
 + Level 3.5 Dodging
 - Level 7.7 Shields


You had 7 spell levels left.
You didn't know any spells.
Your spell library contained the following spells:

 Spells                   Type           Power      Damage    Failure   Level
 Petrify                  Tmut/Erth      0%         N/A       100%        4
 Metabolic Englaciation   Hex/Ice        0%         N/A       100%        5
 Statue Form              Tmut/Erth      0%         N/A       100%        6


Dungeon Overview and Level Annotations

Branches:
Dungeon (6/15)
 Temple: D:4-7

Altars:

Annotations:
D:6 Dowan, Duvessa, Eustachio


Innate Abilities, Weirdness & Mutations

You have a pair of horns on your head.
You reflexively headbutt those who attack you in melee.
Your mind is acute. (Int +2)
Your body sometimes deteriorates upon taking damage.


Message History

Your shield prevents you from hitting the orc warrior.
The orc priest calls upon Beogh to heal the orc warrior.
The orc warrior's wounds heal themselves!
The orc warrior hits you with a +0 long sword!
You are too injured to fight recklessly!
You are too injured to fight recklessly!
You are too injured to fight recklessly!
You are too injured to fight recklessly!
You are too injured to fight recklessly!
Unknown command.
You completely miss the orc warrior. You hit the orc priest.
The orc priest calls down the wrath of Beogh upon you.
Pain shoots through your body! You block the orc warrior's attack.
You hit the orc warrior.
The orc warrior is lightly wounded.
You closely miss the orc priest. The orc priest misses you.
The orc warrior hits you with a +0 long sword.
* * * LOW HITPOINT WARNING * * *
Unknown command.
Unknown command.
It was a potion of mutation.
You feel extremely strange.
You feel clever.
You feel yourself wasting away. You block the orc priest's attack.
The orc warrior hits you with a +0 long sword.
* * * LOW HITPOINT WARNING * * *
Unknown command.
It was a potion of cancellation.
You feel magically purged.
The orc priest begins to cast a cantrip, but forgets the words!
The orc warrior hits you with a +0 long sword!
* * * LOW HITPOINT WARNING * * *
Unknown command.
You slash the orc warrior! Your headbutt misses the orc warrior.
The orc warrior is moderately wounded.
You hit the orc priest.
The orc priest invokes the aid of Beogh against you.
You struggle to resist.
The orc warrior hits you with a +0 long sword.
* * * LOW HITPOINT WARNING * * *
The orc priest hits you with a +0 dagger.
You die...

#..#####..#####.
#...
#..†...#..#..^..
#.##
#..)†..#..#...Z.
#.#
#####..#..#..###
#.##
#......#..#.....
#...
#......#..#..o.h
####
#..#####..#####.
#......#..#
#...@o.#g.#
#####o.#))#
#..#.)# #..#..#
+..#..# ####..#
#(.# #.## #.#


You could see an orc warrior, a gnoll shaman and an orc priest.

Vanquished Creatures
  Prince Ribbit (D:5)
  Grinder (D:6)
  A wyvern (D:6)
  2 sky beasts (D:6)
  2 orc warriors (D:6)
  A black bear (D:5)
  A necrophage (D:4)
  An ogre (D:5)
  A centaur (D:6)
  A water moccasin zombie (D:6)
  2 howler monkeys
  3 orc priests (D:6)
  6 hounds
  Crazy Yiuf (D:5)
  A jelly (D:4)
  An iguana (D:6)
  2 orc wizards (D:5)
  A killer bee zombie (D:6)
  A hound zombie (D:5)
  A howler monkey skeleton (D:5)
  8 adders
  A white imp (D:5)
  An adder skeleton (D:4)
  2 dart slugs
  6 orcs
  4 ball pythons
  2 endoplasms
  2 giant cockroaches
  7 goblins
  3 hobgoblins
  8 jackals
  8 kobolds
  3 quokkas
  4 bats
  4 frilled lizards
  4 rats
98 creatures vanquished.

Vanquished Creatures (others)
  An orc wizard (D:6)
1 creature vanquished.

Grand Total: 99 creatures vanquished

Notes
Turn   | Place    | Note
-------+----------+-------------------------------------------
     0 | D:1      | Kinoniko the Minotaur Fighter began the quest for the Orb.
     0 | D:1      | Reached XP level 1. HP: 19/19 MP: 0/0
   176 | D:1      | Found a faded altar of an unknown god.
   183 | D:1      | Reached skill level 3 in Axes
   403 | D:1      | Reached XP level 2. HP: 25/26 MP: 1/1
   950 | D:2      | Reached XP level 3. HP: 31/31 MP: 2/2
  1133 | D:2      | Reached skill level 4 in Axes
  1981 | D:3      | Reached XP level 4. HP: 35/39 MP: 3/3
  2650 | D:4      | Reached skill level 5 in Axes
  2923 | D:4      | Reached skill level 5 in Shields
  2923 | D:4      | Reached XP level 5. HP: 40/45 MP: 4/4
  3181 | D:4      | Reached skill level 6 in Axes
  3305 | D:4      | Noticed a necrophage
  3316 | D:4      | Killed a necrophage
  3317 | D:4      | Reached XP level 6. HP: 47/51 MP: 5/5
  3619 | D:5      | Entered Level 5 of the Dungeon
  3619 | D:5      | Noticed Prince Ribbit
  3626 | D:5      | Killed Prince Ribbit
  3627 | D:5      | Reached skill level 7 in Axes
  3627 | D:5      | Reached XP level 7. HP: 39/57 MP: 6/6
  3633 | D:5      | Reached skill level 8 in Axes
  4820 | D:5      | Reached skill level 9 in Axes
  4856 | D:5      | Found a runed translucent door.
  4856 | D:5      | Noticed Crazy Yiuf
  5015 | D:5      | Killed Crazy Yiuf
  5287 | D:6      | Reached XP level 8. HP: 49/64 MP: 7/7
  5289 | D:6      | Noticed Dowan
  5294 | D:6      | Noticed Duvessa
  5573 | D:6      | Reached skill level 10 in Axes
  5679 | D:6      | Reached skill level 1 in Dodging
  5720 | D:6      | Noticed Grinder
  5734 | D:6      | Killed Grinder
  5800 | D:6      | Reached skill level 11 in Axes
  5966 | D:6      | Noticed Eustachio
  6071 | D:6      | Gained mutation: Your mind is acute. (Int +2) [potion of
                  | mutation]
  6071 | D:6      | Gained mutation: Your body sometimes deteriorates upon
                  | taking damage. [potion of mutation]
  6073 | D:6      | HP: 2/64 [orc warrior (3)]
  6073 | D:6      | Slain by an orc priest

Illustrated notes

Levels and vault maps discovered:
D:1:      amcnicky_arrival_blooded_trapdoor, layout_loops_corners,
          ebering_ecumenical_altar_box
D:2:      layout_basic
D:3:      layout_loops_corners
D:4:      layout_basic
D:5:      layout_rooms, minmay_misc_feat_tiny, uniq_prince_ribbit1,
          uniq_crazy_yiuf_cottage
D:6:      kennysheep_windowed_halls, layout_basic, uniq_duvessa, uniq_grinder,
          uniq_eustachio

Skill      XL: |  1  2  3  4  5  6  7  8 |
---------------+-------------------------+-----
Axes           | 3 4 5 6 7 9 11 | 11.4
Shields        | 4 5 6 7 |  7.7
Dodging        | 3 |  3.5
Fighting       | |  3.6
Armour         | |  3.6

Action                   |  1- 3 |  4- 6 |  7- 9 || total
-------------------------+-------+-------+-------++-------
Melee: War axe           |    94 |    59 |   143 ||   296
       Headbutt          |     9 |     7 |    24 ||    40
  Use: Scroll            |       |     4 |     7 ||    11
       Potion            |       |       |     8 ||     8
Armor: Scale mail        |    53 |    28 |    43 ||   124
Dodge: Dodged            |    38 |    14 |    53 ||   105
Block: Kite shield       |    56 |    34 |    70 ||   160

Table legend: (Time is in decaauts)
 A = Elapsed time spent in this place.
 B = Non-inter-level travel time spent in this place.
 C = Inter-level travel time spent in this place.
 D = Time resting spent in this place.
 E = Time spent auto-exploring this place.
 F = Levels seen in this place.
 G = Mean time per level.
                   A        B        C        D        E       F      G
               +--------+--------+--------+--------+--------+-----+--------+
         Total |   6170 |   6013 |    157 |   1495 |   3775 |   6 | 1028.3 |
       Dungeon |   6170 |   6013 |    157 |   1495 |   3775 |   6 | 1028.3 |
               +--------+--------+--------+--------+--------+-----+--------+

Top non-repeatable levels by time:
     D:5: 1478 daAuts
     D:3: 1218 daAuts
     D:4: 1014 daAuts
     D:6: 1000 daAuts
     D:1: 919 daAuts
     D:2: 538 daAuts
